 Dungeon Crawl Stone Soup version 0.27.1-34-g3ba077fa99 (webtiles) character file.

Game seed: 5172649243698537547

214 Delamore the Covert (level 5, 0/34 HPs)
             Began as an Octopode Brigand on Feb 10, 2022.
             Slain by an adder (3 damage)
             ... on level 4 of the Dungeon.
             The game lasted 00:03:47 (3552 turns).

Delamore the Covert (Octopode Brigand)              Turns: 3552, Time: 00:03:47

Health: 0/34       AC:  1    Str: 11    XL:     5   Next: 92%
Magic:  5/5        EV: 12    Int: 13    God:
Gold:   89         SH:  4    Dex: 14    Spells: 4/4 levels left

rFire    . . .     SeeInvis .   a - +2 dagger
rCold    . . .     Faith    .   j - +0 buckler
rNeg     . . .     Spirit   .   (helmet restricted)
rPois    .         Reflect  .   (no amulet)
rElec    .         Harm     .   (no ring)
rCorr    .         Rampage  .   (no ring)
Will     .....                  (no ring)
Stlth    +++++.....             (no ring)
HPRegen  0.11/turn              (no ring)
MPRegen  0.09/turn              (no ring)
                                (no ring)
                                (no ring)

@: no status effects
A: almost no armour, amphibious, 8 rings, camouflage 1, gelatinous body 1,
(nimble swimmer 1), tentacles
a: no special abilities


You were on level 4 of the Dungeon.
You visited 1 branch of the dungeon, and saw 4 of its levels.

You collected 89 gold pieces.

Inventory:

Hand Weapons
 a - a +2 dagger (weapon)
 h - a +0 rapier
Missiles
 b - 7 poisoned darts (quivered)
 f - 8 javelins
Armour
 j - a +0 buckler (worn)
Scrolls
 e - a scroll of summoning
 g - a scroll of fog
 i - a scroll of amnesia
Potions
 d - a potion of haste {unknown}
 k - a potion of berserk rage {unknown}
 l - a potion of degeneration {unknown}
 m - a potion of curing


   Skills:
 - Level 2.0 Fighting
 + Level 3.6 Short Blades
 - Level 2.0 Throwing
 - Level 1.0 Dodging
 * Level 8.4 Stealth
 + Level 1.0 Shields


You had 4 spell levels left.
You didn't know any spells.
Your spell library contained the following spells:

 Spells                   Type           Power      Damage    Failure   Level
 Magic Dart               Conj           0%         1d3       41%         1
 Blink                    Tloc           N/A        N/A       56%         2
 Call Imp                 Summ           0%         N/A       56%         2
 Lesser Beckoning         Tloc           0%         N/A       80%         3
 Mephitic Cloud           Conj/Pois/Air  0%         N/A       80%         3
 Manifold Assault         Tloc           0%         N/A       100%        5


Dungeon Overview and Level Annotations

Branches:
Dungeon (4/15)
 Temple: D:4-7

Altars:

Annotations:
D:4 Edmund


Innate Abilities, Weirdness & Mutations

You cannot wear most types of armour.
You are amphibious.
You can wear up to eight rings at the same time.
Your skin changes colour to match your surroundings (Stealth+).
Your rubbery body absorbs attacks. (AC +1, EV +1)
((You are camouflaged near water. (Stealth+)))
You have tentacles for arms and can constrict up to eight enemies at once.


Message History

The goblin shouts!
Edmund shouts!
You hear a shout!
You hear a bark!
You hit Edmund but do no damage. Your grab misses Edmund.
Edmund hits you with a +6 flail of protection!
You hit Edmund but do no damage. Your grab misses Edmund. Edmund misses you.
You block the goblin's attack.
You barely miss Edmund. You grab Edmund. You constrict Edmund.
Edmund hits you with a +6 flail of protection!
* * * LOW HITPOINT WARNING * * *
The goblin misses you.
You are too injured to fight recklessly!
You are too injured to fight recklessly!
You are too injured to fight recklessly!
You are too injured to fight recklessly!
You are too injured to fight recklessly!
You are too injured to fight recklessly!
You are too injured to fight recklessly!
There are monsters nearby!
You release your grip on Edmund.
An endoplasm comes into view.
An adder comes into view.
Found a chain mail.
Found a stone staircase leading up.
Throw: dart (curare)
Press: ? - help, Q - select action, (/) - cycle Shift-Dir - straight line, f - Edmund
Aim: Edmund, wielding a +6 flail of protection and wearing a +0 chain mail (lightly wounded, 68% to hit)
You throw a curare-tipped dart. The curare-tipped dart hits Edmund.
Edmund is poisoned.
Edmund convulses.
Edmund seems to slow down.
Edmund is moderately wounded.
The endoplasm quivers.
You hit the endoplasm.
The endoplasm is lightly wounded.
The endoplasm hits you.
* * * LOW HITPOINT WARNING * * *
A kobold comes into view. It is wielding a +0 dagger.
Found a stone staircase leading down.
The adder hisses angrily.
The adder bites you.
* * * LOW HITPOINT WARNING * * *
The adder bites you.
You die...

####.#....##..# ..#
..g..#.##.##..# #...#
.####g.##(##..# ....# ##
#.###.....## ....# #.#
##.....###....#
#.###....g..#....#
.......#.....@.J.....#
.......#..s.....S....#
$......#........@....#
.................<...#
.........[..............
..................#.####
.................##.#
..........# # ...>K....#
.........


You could see Edmund (very poisoned, slow), a scorpion (wandering), an adder, an
endoplasm, a goblin and a kobold (asleep).

Vanquished Creatures
  Jessica (D:2)
  Natasha (twice) (D:3)
  Robin (D:3)
  2 adders
  A worm (D:2)
  3 dart slugs
  5 orcs (D:3)
  9 ball pythons
  6 endoplasms (D:1)
  2 giant cockroaches
  16 goblins
  10 hobgoblins
  3 jackals (D:1)
  10 kobolds
  3 quokkas
  9 bats
  4 frilled lizards
  A rat (D:2)
88 creatures vanquished.

Notes
Turn   | Place    | Note
-------+----------+-------------------------------------------
     0 | D:1      | Delamore the Octopode Brigand began the quest for the Orb.
     0 | D:1      | Reached XP level 1. HP: 14/14 MP: 1/1
   184 | D:1      | Reached XP level 2. HP: 19/19 MP: 2/2
   214 | D:1      | Reached skill level 6 in Stealth
   597 | D:1      | Reached XP level 3. HP: 24/24 MP: 3/3
   983 | D:1      | Found a faded altar of an unknown god.
  1232 | D:2      | Noticed Jessica
  1263 | D:2      | Killed Jessica
  1264 | D:2      | Reached skill level 7 in Stealth
  1264 | D:2      | Reached XP level 4. HP: 29/29 MP: 4/4
  1622 | D:2      | You fall into a shaft and drop 1 floor!
  1808 | D:3      | Noticed Natasha
  1811 | D:3      | Killed Natasha
  1812 | D:3      | Reached XP level 5. HP: 34/34 MP: 5/5
  1865 | D:3      | Noticed Robin
  2456 | D:2      | Reached skill level 8 in Stealth
  2851 | D:3      | Noticed Natasha
  2860 | D:3      | Killed Natasha
  3046 | D:3      | Killed Robin
  3389 | D:3      | Reached skill level 1 in Shields
  3526 | D:4      | Noticed Edmund
  3552 | D:4      | Slain by an adder

Illustrated notes

Levels and vault maps discovered:
D:1:      erik_arrival_cave_to_civilisation [erik_arrival_cave_to_hall],
          layout_basic, hellmonk_ecumenical_altar_inner_sanctum
D:2:      layout_basic, serial_curves, eino_curves_04, eino_curves_04,
          uniq_jessica
D:3:      layout_loops_cross, minmay_between, uniq_natasha, uniq_robin
D:4:      layout_rooms, uniq_edmund, uniq_ijyb

Skill      XL: |  1  2  3  4  5 |
---------------+----------------+-----
Stealth        | 6 7 8 |  8.4
Short Blades   | 3 |  3.6
Shields        | 1 |  1.0
Fighting       | |  2.0
Throwing       | |  2.0
Dodging        | |  1.0

Action                   |  1- 3 |  4- 6 || total
-------------------------+-------+-------++-------
Melee: Dagger            |    59 |   101 ||   160
       Tentacles         |    11 |    17 ||    28
       Constrict         |    11 |    27 ||    38
Throw: Dart              |     7 |    13 ||    20
       Javelin           |       |     5 ||     5
  Use: Scroll            |     3 |       ||     3
       Potion            |     1 |       ||     1
 Stab: Sleeping          |    16 |     9 ||    25
Armor: Skin              |     3 |     7 ||    10
Dodge: Dodged            |    29 |    63 ||    92
Block: Buckler           |       |     8 ||     8
